 Dungeon Crawl Stone Soup version 0.24-a0-164-g56e1b8f (webtiles) character file.

Game seed: 9632757149279841526

251 emperorscorpion the Cutter (level 6, -2/49 HPs)
             Began as a Vine Stalker Berserker on Mar 6, 2019.
             Was a Believer of Trog.
             Slain by an orc warrior
             ... wielding a +0 halberd
              (13 damage)
             ... on level 5 of the Dungeon.
             The game lasted 00:03:45 (1297 turns).

emperorscorpion the Cutter (Vine Stalker Berserker) Turns: 1297, Time: 00:03:46

Health: -2/49      AC:  7    Str: 27    XL:     6   Next: 13%
Magic:  0/7        EV: 12    Int:  7    God:    Trog [**....]
Gold:   131        SH:  0    Dex: 13    Spells: 5/5 levels left

rFire    . . .     SeeInvis .   a - +1 dagger (venom)
rCold    . . .     Gourm    .   (no shield)
rNeg     . . .     Faith    .   o - +0 ring mail
rPois    .         Spirit   +   k - +1 helmet
rElec    .         Reflect  .   (no cloak)
rCorr    .         Harm     .   (no gloves)
MR       .....                  (no boots)
Stlth    ..........             (no amulet)
HPRegen  0.56/turn              (no ring)
MPRegen  0.10/turn              (no ring)

@: berserking, very quick
A: fangs 2, regeneration 1, magic shield, antimagic bite, no potion heal 3, rot
immunity
a: Berserk, Trog's Hand, Renounce Religion


You were on level 5 of the Dungeon.
You worshipped Trog.
Trog was pleased with you.
You were very hungry.

You visited 1 branch of the dungeon, and saw 6 of its levels.

You collected 131 gold pieces.

Inventory:

Hand Weapons
 a - a +1 dagger of venom (weapon)
 h - a +0 short sword
Missiles
 d - 4 needles of confusion
 i - 16 poisoned needles
 q - 5 tomahawks (quivered)
Armour
 b - a +0 animal skin
 k - a +1 helmet (worn)
 o - a +0 ring mail (worn)
Wands
 r - a wand of disintegration (10)
Potions
 j - a potion of brilliance {unknown}
 m - a potion of curing {unknown}
Comestibles
 c - 6 rations
 f - 10 chunks of flesh


   Skills:
 + Level 4.0 Fighting
 + Level 4.1 Short Blades
 + Level 2.2 Armour
 + Level 2.7 Dodging
 - Level 0.2 Stealth


You had 5 spell levels left.
You didn't know any spells.
Your spell library was empty.

Dungeon Overview and Level Annotations

Branches:
Dungeon (6/15)
 Temple: D:4-7

Altars:


Innate Abilities, Weirdness & Mutations

You have extremely sharp teeth.
Your natural rate of healing is unusually fast.
When hurt, damage is shared between your health and your magic reserves.
Your bite disrupts and absorbs the magic of your enemies.
Potions cannot restore your health.
You are immune to rotting.


Message History

You hit the orc warrior. Your bite misses the orc warrior.
The orc warrior is severely wounded.
The orc warrior hits you with a +0 halberd.
You hit the orc warrior.
The orc warrior looks as sick as possible!
The orc warrior is severely wounded.
You barely miss the orc warrior. Your bite misses the orc warrior.
The orc warrior is severely wounded.
The orc warrior hits you with a +0 halberd!!
* * * LOW HITPOINT WARNING * * *
You are too injured to fight recklessly!
You are too injured to fight recklessly!
You barely miss the orc warrior. Your bite misses the orc warrior.
The orc warrior is severely wounded.
You hit the orc warrior.
The orc warrior looks as sick as possible!
Your bite misses the orc warrior.
The orc warrior is almost dead.
The orc warrior hits you with a +0 halberd!
You die...

.................
g.............#.#.#
# .#.<.........
......# ##
##g...!... #.#.#.#
# ##...........##..
#.....#.#.#.....
#...............
.....#>#o#.....
#.......@..#
#....##.#.## #...
#.....# ... ##.#.##
.. ..%.. . #.#.#
..... #. .#


You could see an orc warrior.

Vanquished Creatures
  A bullfrog zombie (D:5)
  A crimson imp (D:6)
  A centaur skeleton (D:5)
  An iguana (D:6)
  An orc wizard (D:6)
  Robin (D:2)
  3 adders
  2 worms
  2 leopard geckos
  3 orcs
  3 ball pythons
  11 goblins
  7 hobgoblins
  7 jackals
  3 kobolds (D:2)
  A quokka (D:3)
  A bat (D:2)
  2 frilled lizards
  3 rats
54 creatures vanquished.

Notes
Turn   | Place    | Note
-------+----------+-------------------------------------------
     0 | D:1      | emperorscorpion the Vine Stalker Berserker began the quest
                  | for the Orb.
     0 | D:1      | Reached XP level 1. HP: 11/11 MP: 2/2
   381 | D:3      | Reached XP level 2. HP: 16/16 MP: 3/3
   560 | D:2      | Reached XP level 3. HP: 20/20 MP: 2/4
   605 | D:2      | Reached ** piety under Trog
   844 | D:2      | Noticed Robin
   855 | D:2      | Killed Robin
   855 | D:2      | Gained mutation: Your natural rate of healing is unusually
                  | fast. [Vine Stalker growth]
   855 | D:2      | Reached XP level 4. HP: 24/24 MP: 5/5
  1108 | D:4      | You fall through a shaft!
  1108 | D:5      | Entered Level 5 of the Dungeon
  1126 | D:5      | Reached XP level 5. HP: 29/29 MP: 6/6
  1256 | D:6      | Reached XP level 6. HP: 30/33 MP: 4/7
  1289 | D:5      | Noticed an orc warrior
  1297 | D:5      | Slain by an orc warrior

Levels and vault maps discovered:
D:1:      lightli_arrival_noodles, layout_loops_corners
D:2:      layout_basic, uniq_robin, uniq_terence
D:3:      layout_loops_ring, nemelex_xobeh_ov_fountains_minmay, first_ration
D:4:      layout_basic, minmay_temple_entry_junction
D:5:      layout_layer_cave, marbit_many_paths, kennysheep_mini_moat,
          enter_ossuary_4, serial_shops, nicolae_shop_overgrown_old_shop,
          hangedman_abyss_or_decor_jellyfish_corner, chequers_garden,
          st_stairs_13, serial_bayou_pond_c
D:6:      layout_cave_pools, yredelemnul_forgotten_temple_becter,
          portal_sewer_entry_a, serial_co_window_serial, co_window_corner_a,
          co_window_corner_a, co_window_paths_a, co_window_paths_b,
          co_window_of_opportunity_a, co_window_broadway_b,
          co_window_unsneaky_path_c, co_window_cross_4, co_window_corner_cb,
          co_window_cross_2, co_window_unsneaky_path_a, co_window_paths_c,
          glass_columns_b, glass_columns_c

Skill      XL: |  1  2  3  4  5  6 |
---------------+-------------------+-----
Fighting       | 3 4 |  4.0
Short Blades   | 3 4 |  4.1
Dodging        | 2 |  2.7
Armour         | 2 |  2.2
Stealth        | |  0.2

Action                   |  1- 3 |  4- 6 || total
-------------------------+-------+-------++-------
Melee: Short sword       |    35 |       ||    35
       Bite              |    19 |    29 ||    48
       Dagger            |    34 |    93 ||   127
Invok: Berserk           |     4 |     3 ||     7
       Trog's Hand       |       |     1 ||     1
  Use: Scroll            |       |     5 ||     5
 Stab: Sleeping          |       |     1 ||     1
  Eat: Chunk             |     3 |     4 ||     7
Armor: Animal skin       |     8 |     3 ||    11
       Ring mail         |       |    29 ||    29
Dodge: Dodged            |    27 |    63 ||    90

Table legend:
 A = Non-vault XP
 B = Vault XP
 C = Vault XP percentage of total XP
 D = Non-vault monster count
 E = Vault monster count
 F = Vault count percentage of total count
                 A         B        C        D         E       F
            +---------+---------+-------+---------+---------+-------
      Total |     332 |      27 |   7.5 |      47 |       7 |  13.0
            +---------+---------+-------+---------+---------+-------
        D:1 |       3 |       0 |   0.0 |       2 |       0 |   0.0
        D:2 |      41 |      27 |  39.7 |      17 |       7 |  29.2
        D:3 |      33 |       0 |   0.0 |      12 |       0 |   0.0
        D:4 |      21 |       0 |   0.0 |       3 |       0 |   0.0
        D:5 |      99 |       0 |   0.0 |       7 |       0 |   0.0
        D:6 |     135 |       0 |   0.0 |       6 |       0 |   0.0
            +---------+---------+-------+---------+---------+-------
